 Dungeon Crawl Stone Soup version 0.28-a0-172-g787e458d71 (webtiles) character file.

Game seed: 5151680209189070336

455262 toffzen the Slayer (level 25, -13/306 HPs)
             Began as a Djinni Fire Elementalist on June 23, 2021.
             Was a High Priest of Elyvilon.
             Mangled by a frost giant (29 damage)
             ... on level 5 of the Vaults on Aug 17, 2021.
             The game lasted 04:21:03 (100025 turns).

toffzen the Slayer (Djinni Fire Elementalist)     Turns: 100025, Time: 04:21:04

Health: -13/306    AC: 12    Str: 17    XL:     25   Next: 58%
Gold:   4378       EV: 15    Int: 25    God:    Elyvilon [*****.] SH:  5 Dex: 21

rFire   + + .      SeeInvis .     - Unarmed
rCold   . . .      Faith    .   (shield currently unavailable)
rNeg    . . .      Spirit   .   (armour currently unavailable)
rPois   ∞          Reflect  +   (helmet currently unavailable)
rElec   .          Harm     .   (cloak currently unavailable)
rCorr   +          Rampage  .   (gloves currently unavailable)
Will    ++...                   (boots unavailable)
Stlth   ++........              w - amulet of reflection
HPRegen 0.61/turn               G - ring of the Everdark {rC+ rCorr Dex+5}
MPRegen 0.00/turn               r - ring of wizardry

@: dragon-form, unable to drink, corroded, flying
A: dragon claw, dragon scales, breathe fire, flying, boosted hp, no potions,
sickness immunity, giant, (fire resistance 2), (cold vulnerability 1), float,
innate caster, hp casting, extra vitality 1, clumsy 1
}: 2/15 runes: serpentine, barnacled
a: Breathe Fire, End Transformation, Renounce Religion, Lesser Healing, Heal
Other, Purification, Greater Healing, Divine Vigour, Divine Protection


You were on level 5 of the Vaults.
You worshipped Elyvilon.
Elyvilon was extremely pleased with you.
You were a fearsome dragon!
You visited 9 branches of the dungeon, and saw 41 of its levels.

You collected 5777 gold pieces.
You spent 1399 gold pieces at shops.

Inventory:

Missiles
 d - 1327 stones
 R - 17 throwing nets
Armour
 x - a +1 hat (melded)
 I - a +0 cloak (melded)
 L - the +8 tower shield of Arolomig {rElec rPois rN+ Regen+}
   (You found it on level 13 of the Dungeon)

   rElec:     It insulates you from electricity.
   rPois:     It protects you from poison.
   rN:        It protects you from negative energy.
   Regen:     It increases your rate of health regeneration.
 U - a +2 robe of willpower (melded)
 V - a +1 kite shield of protection (melded)
 Z - a +2 pair of gloves (melded)
Magical Staves
 B - a staff of fire (melded)
Jewellery
 a - the ring "Cimis" {Contam rElec rPois Int-4 SInv}
   (You took it off a deep elf master archer on level 3 of the Elven Halls)

   [ring of see invisible]

   Int:       It affects your intelligence (-4).
   rElec:     It insulates you from electricity.
   rPois:     It protects you from poison.
   SInv:      It lets you see invisible.
   Contam:    It causes magical contamination when unequipped.
 c - a ring of see invisible
 i - a ring of resist corrosion
 r - a ring of wizardry (right foreclaw)
 w - an amulet of reflection (around neck)
 G - the ring of the Everdark (left foreclaw) {rC+ rCorr Dex+5}
   (You found it on level 9 of the Dungeon)

   [ring of resist corrosion]

   Dex:       It affects your dexterity (+5).
   rC:        It protects you from cold.
   rCorr:     It protects you from acid and corrosion.
 M - a ring of fire
Wands
 q - a wand of flame (89)
 y - a wand of digging (21)
 z - a wand of acid (5)
 D - a wand of paralysis (21)
 F - a wand of iceblast (48)
Scrolls
 b - 5 scrolls of immolation
 g - 2 scrolls of fear
 l - a scroll of silence
 n - 7 scrolls of fog
 o - 10 scrolls of noise
 t - 12 scrolls of magic mapping
 v - 2 scrolls of vulnerability
 A - 10 scrolls of teleportation
 C - 6 scrolls of enchant armour
 E - 21 scrolls of identify
 J - 4 scrolls of holy word
 N - 7 scrolls of enchant weapon
 O - a scroll of brand weapon
 X - a scroll of blinking
Potions
 e - 7 potions of mutation
 f - 4 potions of attraction
 h - 2 potions of invisibility
 j - 2 potions of berserk rage
 k - 6 potions of haste
 m - 7 potions of might
 p - 3 potions of cancellation
 s - 4 potions of heal wounds
 u - 7 potions of curing
 H - a potion of ambrosia
 K - 2 potions of lignification
 Q - 2 potions of brilliance
 S - 2 potions of resistance
Miscellaneous
 T - a lightning rod (4/4)


   Skills:
 + Level 23.6 Fighting
 - Level 15.2 Dodging
 - Level 1.5 Stealth
 - Level 13.6 Shields
 + Level 13.4 Unarmed Combat
 - Level 19.0 Spellcasting


You couldn't memorise any spells.
You knew the following spells:

 Your Spells              Type           Power      Damage    Failure   Level
a - Foxfire               Conj/Fire      100%       2x1d9     0%          1
b - Conjure Flame         Conj/Fire      87%        6-21      0%          3
c - Inner Flame           Hex/Fire       87%        N/A       0%          3
d - Sticky Flame          Conj/Fire      87%        2d10      0%          4
e - Fireball              Conj/Fire      43%        3d17      0%          5
f - Pain                  Necr           100%       1d9       0%          1
g - Wereblood             Tmut           87%        N/A       0%          2
h - Passwall              Tmut/Erth      72%        N/A       0%          2
i - Stone Arrow           Conj/Erth      100%       3d13      0%          3
j - Iskenderun's Mystic   Conj/Tloc      87%        2d17      0%          4
k - Blade Hands           Tmut           43%        N/A       0%          5
l - Invisibility          Hex            43%        N/A       1%          6
m - Starburst             Conj/Fire      43%        6d12      1%          6
n - Dragon Form           Tmut           43%        N/A       1%          7
o - Lehudib's Crystal Sp  Conj/Erth      43%        10d11     2%          8
p - Ozocubu's Refrigerat  Ice            43%        4d13      1%          7
q - Borgnjor's Revivific  Necr           43%        N/A       2%          8
Your spell library was empty.

Dungeon Overview and Level Annotations

Branches:
Dungeon (15/15)            Temple (1/1) D:5            Lair (6/6) D:9
 Shoals (4/4) Lair:3        Snake (4/4) Lair:4        Slime (0/5) Lair:5
    Orc (2/2) D:12            Elf (3/3) Orc:2        Vaults (5/5) D:13
  Crypt (0/3) Vaults:3     Depths (1/5) D:15

Altars:
Ashenzari
Cheibriados
Dithmenos
Elyvilon
Fedhas
Gozag
Hepliaklqana
Kikubaaqudgha
Makhleb
Nemelex Xobeh
Okawaru
Qazlal
Ru
Sif Muna
Trog
Uskayaw
Vehumet
Wu Jian
Xom
Yredelemnul
Zin
The Shining One
Beogh

Shops:
D:13 :   D:15 =   Orc:2 ==[!   Elf:1 [:   Elf:2 *   Shoals:2 (   Snake:1 ?*
Snake:2 =::   Snake:3 =   Snake:4 **(   Vaults:2 *?[==   Vaults:4 (

Annotations:
D:6 3 runed translucent doors, exclusion: door, viperstalker's ghost, novice PaFi
D:9 exclusion: downstairs
D:12 exclusion: downstairs
D:13 2 transporters, Plog's ghost, journeyman DsBe
Snake:2 Agnes
Depths:1 exclusion: door


Innate Abilities, Weirdness & Mutations

You are a fearsome dragon!
You have a powerful clawing attack.
Your giant scaled body is strong and resiliant, but less evasive.
You can breathe fire.
You are flying.
Your maximum health is greatly increased.
Your armour is entirely melded.
You are incapable of wielding weapons or throwing items.
You cannot drink.
You are immune to sickness and miasma.
You are immune to poison.
((Your flesh is very heat resistant. (rF++)))
((You are vulnerable to cold. (rC-)))
You float through the air rather than walking.
You learn spells naturally, not from books.
Your magical power is your life essence.
You have superior vitality. (+4 HP)
You are clumsy. (Dex -2)


Message History

The war gargoyle resists.
The war gargoyle is almost destroyed.
You kill the fire giant!
You kill the deep elf sorcerer!
You kill the vault warden!
The brown very ugly thing is almost dead.
You kill the vault sentinel!
The frost giant resists.
The frost giant is lightly wounded.
The vault warden is moderately wounded.
The purple very ugly thing is almost dead.
You kill the vault warden!
The runic seals fade away.
* * * LOW HITPOINT WARNING * * *
An orc wizard comes into view. It is wielding a +1 dagger of flaming.
The purple very ugly thing punches you but does no damage.
The war gargoyle hits you with a +0 flail of draining!
* * * LOW HITPOINT WARNING * * *
The brown very ugly thing barely misses you.
The frost giant hits you with a +1 battleaxe of freezing!!
* * * LOW HITPOINT WARNING * * *
The frost giant freezes you.
* * * LOW HITPOINT WARNING * * *
An orc warrior comes into view. It is wielding a +0 hand axe.
Casting: Ozocubu's Refrigeration (mildly dangerous; 1% risk of failure)
Confirm with . or Enter, or press ? or * to list all spells.
The heat is drained from your surroundings.
You feel very cold. The monsters around you are frozen!
The vault sentinel is moderately wounded.
The war gargoyle resists.
You destroy the war gargoyle!
You kill the brown very ugly thing!
The frost giant resists.
The frost giant is moderately wounded.
The vault warden is severely wounded.
You kill the purple very ugly thing!
The orc warrior is severely wounded.
You kill the orc wizard!
You kill the warg!
* * * LOW HITPOINT WARNING * * *
The vault sentinel blows a loud note on a signal horn!
The frost giant hits you with a +1 battleaxe of freezing!!
You die...

,,,**,,*##..§..#,,,,*,,****,,**,*
,,***,,,*##.o).#....#,,,,,,,**,,*
,** **,,,*##...#....#,,.,,***,,**
*******,,,###p.#....#,.#***,,,***
,,,,,,,,,,,....#....#)..,,,,,,,,,
,,,,,,,,,,,,.....[..[...,,,,,,,,,
*********#####[).[).).##*********
,,,,,,,,,.....[)[<<.....,,,,,,,,,
,,,,,,,,,....)[CD[[<./.(,,,,,,,,,
,,,,,,,,,......)[<<.....,,,,,,,,,
,,,,,,,,,......))[[.....,,,,,,,,,
##############.))[.)..####*******
...)......X.,............####..,,
....†..........#.)..#†.........,,
#...#########..#....#.).......p,,
#...#,,,,,,,#..#....##Op.......,,
#...#,,,,,,,*,,*,,,,*#.....C...,,


You could see a frost giant, a vault warden, an ogre mage, a vault sentinel
(catching breath) and an orc warrior (strong).

Vanquished Creatures
  Vashnia (Snake:3)
  Nikola (Snake:1)
  Jory (Vaults:3)
  Jorgrun (D:13)
  2 tentacled monstrosities (Vaults:5)
  4 titans
  2 deep elf master archers (Elf:3)
  2 liches
  3 deep elf blademasters
  A quicksilver dragon (Vaults:5)
  Frances (D:13)
  2 krakens (Shoals:3)
  3 sphinxes
  2 storm dragons
  3 tengu reavers
  Donald (Snake:1)
  Ilsuiw (Shoals:4)
  Roxanne (Shoals:1)
  2 shadow dragons
  2 fire giants (Vaults:5)
  5 nagarajas
  An iron dragon (Vaults:5)
  A frost giant (Shoals:4)
  Aizul (Snake:2)
  Louise (D:14)
  7 deep elf sorcerers
  18 vault wardens
  2 orc warlords
  3 deep elf elementalists (Elf:3)
  3 war gargoyles
  22 ironbound preservers
  6 very ugly things
  6 stone giants
  10 deep elf annihilators
  5 dire elephants (Vaults:1)
  3 deep elf demonologists
  2 entropy weavers (Vaults:1)
  Nessos (D:14)
  6 deep elf death magi (Elf:3)
  5 ettins
  8 merfolk javelineers
  2 crystal guardians (Vaults:4)
  13 merfolk impalers
  5 great orbs of eyes
  2 deep elf high priests (Elf:3)
  2 fire dragons
  11 ironbound thunderhulks
  10 yaktaur captains
  27 naga warriors
  26 vault guards
  4 boulder beetles
  2 ice dragons
  5 hydras
  4 ironbound frosthearts
  5 ogre magi
  3 peacekeepers
  26 centaur warriors
  Erolcha (Orc:2)
  7 salamander tyrants
  4 merfolk avatars
  9 anacondas
  27 dancing weapons
  3 tengu warriors
  Erica (Lair:2)
  5 two-headed ogres
  2 satyrs
  5 deep troll shamans
  2 catoblepae
  Urug (Lair:6)
  4 merfolk aquamancers
  6 shock serpents
  6 death yaks
  A vampire mage (Vaults:3)
  2 hell knights
  6 ironbound beastmasters
  2 orc high priests
  Sonja (Lair:1)
  16 deep elf knights
  16 naga sharpshooters
  Nergalle (Orc:2)
  A shadow wraith (Vaults:5)
  16 sea snakes
  3 skeletal warriors (D:13)
  49 deep trolls
  10 salamander mystics
  2 iron trolls (Depths:1)
  A glowing orange brain (shapeshifter) (Vaults:5)
  A death drake (shapeshifter) (Vaults:5)
  4 naga ritualists
  10 deep elf archers
  A deep troll (shapeshifter) (Vaults:2)
  28 harpies
  3 phantasmal warriors (Vaults:5)
  19 ironbound convokers
  11 wizards
  8 lindwurms
  A necromancer (Vaults:2)
  A shining eye (shapeshifter) (Vaults:5)
  23 ugly things
  17 deep elf pyromancers
  23 deep elf zephyrmancers
  14 mana vipers
  8 orc knights
  24 fauns
  8 orc sorcerers
  2 cyclopes (shapeshifter) (Vaults:5)
  7 cyclopes
  13 manticores
  Joseph (D:10)
  9 merfolk sirens
  Maurice (D:10)
  21 salamanders
  8 elephants
  2 water nymphs
  16 naga magi
  26 vault sentinels
  36 black mambas
  An eye of devastation (shapeshifter) (Elf:1)
  A torpor snail (Lair:6)
  9 guardian serpents
  11 cane toads
  2 gargoyles
  7 komodo dragons
  2 rime drakes
  A kobold demonologist (Elf:1)
  An unseen horror (D:12)
  23 yaktaurs
  5 trolls
  4 guardian mummies (D:13)
  4 polar bears
  24 merfolk
  3 meliai (D:15)
  A tengu conjurer (Depths:1)
  A polar bear (shapeshifter) (D:13)
  A hornet (shapeshifter) (Vaults:5)
  3 saltlings (Vaults:4)
  A hornet (D:7)
  7 wind drakes
  17 dream sheep
  26 slime creatures
  Grinder (D:3)
  17 blink frogs
  2 meliai zombies (D:12)
  6 snapping turtles
  A blink frog (shapeshifter) (D:13)
  2 air elementals
  A redback (Vaults:1)
  Sigmund (D:6)
  19 water elementals
  A tarantella (Vaults:1)
  4 vampires
  59 yaks
  A wraith (D:10)
  Grum (D:8)
  3 basilisks
  11 vampire mosquitoes
  5 wyverns
  2 fire elementals
  A steam dragon (D:9)
  Edmund (D:6)
  5 wargs
  66 nagas
  14 water moccasins
  2 acid dragons
  A floating eye (shapeshifter) (Vaults:2)
  2 ice beasts
  11 ogres
  18 orc warriors
  2 necrophages
  9 boggarts
  69 wolves
  27 centaurs
  A kobold brigand (D:6)
  14 bullfrogs
  7 earth elementals
  3 scorpions
  A wyvern skeleton (D:7)
  17 killer bees
  A howler monkey (D:12)
  An electric eel (D:10)
  11 centaur zombies
  A bullfrog zombie (D:5)
  16 orc priests
  A centaur skeleton (D:5)
  A jelly (Lair:5)
  3 hounds
  3 iguanas (D:6)
  Natasha (thrice) (D:2)
  30 orc wizards
  A hell rat (D:9)
  4 mummies (D:13)
  A hound skeleton (D:5)
  A howler monkey zombie (D:6)
  7 adders
  A river rat (D:9)
  2 shadow imps (D:6)
  2 white imps
  2 ufetubi (D:5)
  2 adder skeletons (D:5)
  A worm (D:3)
  A dart slug (D:3)
  77 orcs
  5 ball pythons
  11 bats
  2 endoplasms (D:2)
  7 giant cockroaches
  10 goblins
  9 hobgoblins
  12 jackals
  4 quokkas
  4 frilled lizards
  8 kobolds
  6 rats
  2 plants (Shoals:1)
  5 tentacles (Shoals:3)
1676 creatures vanquished.

Vanquished Creatures (collateral kills)
  7 foxfires
7 creatures vanquished.

Vanquished Creatures (others)
  A wizard (Vaults:4)
  A deep elf pyromancer (Elf:1)
  A merfolk (Shoals:1)
  An ogre (Orc:1)
  A bush (Lair:4)
  784 foxfires
  87 fungi
  168 plants
  11 tentacles (Shoals:3)
1055 creatures vanquished.

Grand Total: 2738 creatures vanquished

Notes
Turn   | Place    | Note
-------+----------+-------------------------------------------
     0 | D:1      | toffzen the Djinni Fire Elementalist began the quest for
                  | the Orb.
     0 | D:1      | Reached XP level 1. HP: 15/15 MP: 0/0
   284 | D:1      | Reached XP level 2. HP: 19/22 MP: 0/0
   502 | D:1      | Reached skill level 1 in Fighting
   769 | D:1      | Reached XP level 3. HP: 26/27 MP: 0/0
   769 | D:1      | Learned a level 1 spell: Pain
  1826 | D:1      | Found a faded altar of an unknown god.
  1862 | D:2      | Noticed Natasha
  2277 | D:2      | Killed Natasha
  2278 | D:2      | Reached skill level 2 in Fighting
  2278 | D:2      | Reached XP level 4. HP: 26/33 MP: 0/0
  2627 | D:2      | Noticed Natasha
  2631 | D:2      | Killed Natasha
  2632 | D:2      | Reached XP level 5. HP: 32/38 MP: 0/0
  2632 | D:2      | Learned a level 2 spell: Wereblood
  2632 | D:2      | Noticed Natasha
  2639 | D:2      | Killed Natasha
  3545 | D:3      | Noticed Grinder
  3572 | D:3      | Paralysed by Grinder for 6 turns
  3573 | D:3      | Killed Grinder
  3574 | D:3      | Reached skill level 3 in Fighting
  3574 | D:3      | Reached XP level 6. HP: 5/46 MP: 0/0
  3870 | D:3      | You are sucked into a shaft and drop 1 floor!
  4515 | D:4      | Reached XP level 7. HP: 47/50 MP: 0/0
  4515 | D:4      | Learned a level 2 spell: Passwall
  4548 | D:4      | Found a broken altar of Ashenzari.
  5296 | D:5      | Entered Level 5 of the Dungeon
  5382 | D:5      | Reached skill level 4 in Fighting
  5382 | D:5      | Reached skill level 5 in Dodging
  5954 | D:5      | Found a staircase to the Ecumenical Temple.
  5963 | Temple   | Entered the Ecumenical Temple
  6085 | Temple   | Became a worshipper of Elyvilon the Healer
  6164 | D:5      | Reached XP level 8. HP: 51/58 MP: 0/0
  6472 | D:5      | Reached skill level 5 in Fighting
  7007 | D:6      | Reached * piety under Elyvilon
  7094 | D:6      | Reached skill level 5 in Spellcasting
  7142 | D:6      | Found a runed translucent door.
  7143 | D:6      | Upgraded the game from 0.27-a0-1322-gfdffb62a71 to
                  | 0.27-a0-1324-ge0d8e047f6
  7406 | D:6      | Noticed Sigmund
  7414 | D:6      | Killed Sigmund
  7415 | D:6      | Reached skill level 6 in Fighting
  7614 | D:6      | Noticed Edmund
  7634 | D:6      | Killed Edmund
  7635 | D:6      | Reached XP level 9. HP: 47/67 MP: 0/0
  7635 | D:6      | Learned a level 3 spell: Stone Arrow
  7951 | D:6      | Found a large runed translucent door.
  7951 | D:6      | Found a large runed translucent door.
  7958 | D:6      | Noticed viperstalker's ghost (novice PaFi)
  7996 | D:6      | Reached skill level 7 in Fighting
  8627 | D:7      | Noticed a hornet
  8635 | D:7      | Killed a hornet
  8718 | D:7      | Noticed a two-headed ogre
  8725 | D:7      | Killed a two-headed ogre
  8726 | D:7      | Reached skill level 8 in Fighting
  8993 | D:7      | Reached ** piety under Elyvilon
  9211 | D:7      | Reached XP level 10. HP: 71/77 MP: 0/0
  9949 | D:7      | Reached skill level 9 in Fighting
 10533 | D:8      | Noticed a gargoyle
 10539 | D:8      | Killed a gargoyle
 10996 | D:8      | Noticed Grum
 11029 | D:8      | Killed Grum
 11315 | D:8      | Reached *** piety under Elyvilon
 11517 | D:8      | Reached skill level 10 in Fighting
 12372 | D:9      | Reached **** piety under Elyvilon
 12511 | D:9      | Reached XP level 11. HP: 77/86 MP: 0/0
 12511 | D:9      | Learned a level 4 spell: Iskenderun's Mystic Blast
 12833 | D:9      | Noticed a cyclops
 12905 | D:9      | Killed a cyclops
 13325 | D:9      | Noticed a two-headed ogre
 13329 | D:9      | Killed a two-headed ogre
 13358 | D:9      | Noticed a death yak
 13365 | D:9      | Killed a death yak
 13366 | D:9      | Reached skill level 11 in Fighting
 13657 | D:9      | Noticed a death yak
 13662 | D:9      | Noticed a death yak
 13673 | D:8      | Killed a death yak
 14264 | D:9      | Found a staircase to the Lair.
 14340 | D:9      | Identified the ring of the Everdark {rC+ rCorr Dex+5}
 14708 | D:9      | Killed a death yak
 14984 | D:10     | Entered Level 10 of the Dungeon
 15444 | D:10     | Noticed Joseph
 15449 | D:10     | Killed Joseph
 15520 | D:10     | Noticed a two-headed ogre
 15628 | D:10     | Noticed Maurice
 15634 | D:10     | Killed Maurice
 15930 | D:10     | Killed a two-headed ogre
 16116 | D:10     | Reached ***** piety under Elyvilon
 16223 | D:10     | Reached XP level 12. HP: 89/94 MP: 0/0
 16426 | D:10     | Upgraded the game from 0.27-a0-1324-ge0d8e047f6 to
                  | 0.27-a0-1325-g58a489ad9e
 16718 | Lair:1   | Entered Level 1 of the Lair of Beasts
 17502 | Lair:1   | Reached skill level 12 in Fighting
 18111 | Lair:1   | Reached skill level 10 in Spellcasting
 18231 | Lair:1   | Noticed Sonja
 18238 | Lair:1   | Killed Sonja
 18431 | Lair:1   | Upgraded the game from 0.27-a0-1325-g58a489ad9e to
                  | 0.27-a0-1378-gdefffd1ff6
 19094 | Lair:2   | Reached skill level 10 in Dodging
 19808 | Lair:2   | Noticed a five-headed hydra
 20548 | Lair:2   | Killed a five-headed hydra
 20549 | Lair:2   | Reached XP level 13. HP: 76/102 MP: 0/0
 20549 | Lair:2   | Learned a level 5 spell: Blade Hands
 20586 | Lair:2   | Noticed Erica
 21562 | Lair:2   | Killed Erica
 21959 | Lair:3   | Upgraded the game from 0.27-a0-1378-gdefffd1ff6 to
                  | 0.27-a0-1456-gf5a116941d
 21966 | Lair:3   | Found a staircase to the Shoals.
 22006 | Lair:3   | Reached skill level 13 in Fighting
 24346 | Lair:4   | Reached ****** piety under Elyvilon
 24355 | Lair:4   | Noticed a seven-headed hydra
 24359 | Lair:4   | Killed a seven-headed hydra
 24633 | Lair:4   | Found a staircase to the Snake Pit.
 25206 | Lair:4   | Reached XP level 14. HP: 43/111 MP: 0/0
 26339 | Lair:5   | Upgraded the game from 0.27-a0-1456-gf5a116941d to
                  | 0.28-a0-97-g102d6777a4
 26384 | Lair:5   | Reached skill level 14 in Fighting
 27007 | Lair:5   | Found a staircase to the Slime Pits.
 28245 | Lair:6   | Entered Level 6 of the Lair of Beasts
 28379 | Lair:6   | Noticed Urug
 28393 | Lair:6   | Killed Urug
 31770 | Lair:6   | Reached XP level 15. HP: 67/118 MP: 0/0
 31770 | Lair:6   | Learned a level 6 spell: Invisibility
 32712 | D:11     | Found a gate leading to a gauntlet.
 33320 | D:11     | Reached skill level 15 in Fighting
 34815 | D:12     | Found a staircase to the Orcish Mines.
 34921 | D:12     | Identified the +6 chain mail of the Furies {Dex+2}
 35290 | D:12     | Found a basalt altar of Yredelemnul.
 35841 | Orc:1    | Entered Level 1 of the Orcish Mines
 35988 | Orc:2    | Entered Level 2 of the Orcish Mines
 36170 | Orc:1    | Noticed an orc warlord
 36181 | Orc:2    | Killed an orc warlord
 37287 | Orc:2    | Found a staircase to the Elven Halls.
 38643 | Orc:2    | Found Pudom's Distillery.
 38662 | Orc:2    | Noticed Nergalle
 38668 | Orc:2    | Killed Nergalle
 38981 | Orc:2    | Noticed Erolcha
 38985 | Orc:2    | Killed Erolcha
 39363 | Orc:2    | Found Cujyrak's Jewellery Boutique.
 39386 | Orc:2    | Found Jamam's Jewellery Boutique.
 39398 | Orc:2    | Found Kyuntih's Antique Armour Shop.
 39419 | Orc:2    | Bought an amulet of reflection for 390 gold pieces
 39575 | D:13     | Found Xyn Iblar's Book Emporium.
 40084 | D:13     | Found a transporter.
 40084 | D:13     | Noticed Plog's ghost (journeyman DsBe)
 40400 | D:13     | Noticed Frances
 40534 | D:13     | Reached XP level 16. HP: 47/128 MP: 0/0
 41059 | D:13     | Found a transporter.
 41257 | D:13     | Killed Frances
 41258 | D:13     | Reached skill level 15 in Dodging
 41437 | D:13     | Identified the +8 tower shield of Arolomig {rElec rPois rN+
                  | Regen+}
 41781 | D:13     | Noticed Jorgrun
 41787 | D:13     | Killed Jorgrun
 41788 | D:13     | Reached skill level 16 in Fighting
 42730 | D:13     | Found a gate to the Vaults.
 43115 | D:14     | Reached skill level 1 in Shields
 43441 | D:14     | Noticed Louise
 44442 | D:14     | Noticed Nessos
 44447 | D:14     | Killed Nessos
 45414 | D:14     | Killed Louise
 45415 | D:14     | Reached skill level 5 in Shields
 46309 | D:15     | Entered Level 15 of the Dungeon
 46692 | D:15     | Upgraded the game from 0.28-a0-97-g102d6777a4 to
                  | 0.28-a0-105-g49a0850c41
 46970 | D:15     | Found Kateic's Jewellery Shoppe.
 47787 | D:15     | Found a staircase to the Depths.
 48330 | Snake:1  | Entered Level 1 of the Snake Pit
 48643 | Snake:1  | Noticed Donald
 48773 | Snake:1  | Killed Donald
 48889 | Snake:1  | Found Nocsuxta's Assorted Antiques.
 48895 | Snake:1  | Found Vinocio's Magic Scroll Emporium.
 49067 | Snake:1  | Bought a scroll of blinking for 105 gold pieces
 49067 | Snake:1  | Bought a scroll of teleportation for 42 gold pieces
 49067 | Snake:1  | Bought a scroll of fog for 28 gold pieces
 49067 | Snake:1  | Bought a scroll of fear for 49 gold pieces
 49118 | Snake:1  | Reached XP level 17. HP: 98/133 MP: 0/0
 49118 | Snake:1  | Learned a level 6 spell: Starburst
 50213 | Snake:1  | Noticed Nikola
 50243 | Snake:1  | Killed Nikola
 50244 | Snake:1  | Reached skill level 10 in Shields
 52644 | Snake:2  | Upgraded the game from 0.28-a0-105-g49a0850c41 to
                  | 0.28-a0-119-ga52ba8600a
 53414 | Snake:2  | Found Zisyikiy's Jewellery Boutique.
 53414 | Snake:2  | Found Vanit's Book Shoppe.
 53415 | Snake:2  | Found Exarph's Book Shoppe.
 56102 | Snake:3  | Noticed Agnes
 56127 | Snake:3  | Found Affaghogua's Jewellery Emporium.
 56139 | Snake:3  | Reached XP level 18. HP: 131/141 MP: 0/0
 56654 | Snake:3  | Reached skill level 17 in Fighting
 57008 | Snake:3  | Noticed Aizul
 57018 | Snake:2  | Killed Aizul
 58280 | Snake:3  | Noticed Vashnia
 59015 | Elf:1    | Entered Level 1 of the Elven Halls
 59792 | Elf:1    | Found Plog's Book Boutique.
 60482 | Elf:1    | Found Nesur's Antique Armour Shop.
 60521 | Elf:1    | Noticed a Brimstone Fiend
 62694 | Elf:2    | Found Ikecuim's Assorted Antiques.
 62975 | Elf:2    | Bought a gluggy blue potion for 27 gold pieces
 62975 | Elf:2    | Bought a pair of glowing gloves for 232 gold pieces
 63155 | Elf:2    | Found a runed translucent gate.
 63155 | Elf:2    | Found a runed translucent gate.
 63155 | Elf:2    | Found a runed translucent gate.
 63412 | Elf:2    | Noticed a deep elf blademaster
 63417 | Elf:2    | Reached XP level 19. HP: 91/150 MP: 0/0
 63417 | Elf:2    | Learned a level 7 spell: Dragon Form
 64435 | Elf:2    | Reached skill level 18 in Fighting
 64451 | Elf:2    | Killed a deep elf blademaster
 65580 | Elf:2    | Upgraded the game from 0.28-a0-119-ga52ba8600a to
                  | 0.28-a0-172-g787e458d71
 66061 | Snake:4  | Entered Level 4 of the Snake Pit
 66501 | Snake:3  | Killed Vashnia
 67274 | Snake:4  | Gained mutation: You are clumsy. (Dex -2) [mutagenic glow]
 67672 | Snake:4  | Reached skill level 1 in Unarmed Combat
 68077 | Snake:4  | Found Dotyruq's Assorted Antiques.
 68077 | Snake:4  | Found Kiji's Assorted Antiques.
 68081 | Snake:4  | Found Kuucisha's Weapon Shoppe.
 68085 | Snake:4  | Bought a scroll of teleportation for 108 gold pieces
 68087 | Snake:4  | Bought a potion of heal wounds for 130 gold pieces
 69112 | Snake:4  | Reached skill level 5 in Unarmed Combat
 70280 | Snake:4  | Reached XP level 20. HP: 157/157 MP: 0/0
 71361 | Snake:4  | Got a serpentine rune of Zot
 71767 | Vaults:1 | Entered Level 1 of the Vaults
 71784 | Vaults:1 | Reached skill level 10 in Unarmed Combat
 73331 | Vaults:1 | Reached skill level 15 in Spellcasting
 74019 | Vaults:1 | You are sucked into a shaft and drop 1 floor!
 74144 | Vaults:2 | Found Suuproe's Jewellery Boutique.
 75312 | Vaults:1 | Reached XP level 21. HP: 139/165 MP: 0/0
 75312 | Vaults:1 | Learned a level 8 spell: Lehudib's Crystal Spear
 75876 | Vaults:1 | Reached skill level 19 in Fighting
 76531 | Vaults:2 | Found Woegeim's Assorted Antiques.
 79185 | Vaults:2 | Reached skill level 20 in Fighting
 79190 | Vaults:2 | Reached XP level 22. HP: 175/175 MP: 0/0
 79317 | Vaults:2 | Found Holoheza's Magic Scroll Shop.
 79318 | Vaults:2 | Found Ecavvuas's Jewellery Shoppe.
 79325 | Vaults:2 | Bought a scroll of blinking for 90 gold pieces
 79325 | Vaults:2 | Bought a scroll of fog for 24 gold pieces
 79325 | Vaults:2 | Bought a scroll of blinking for 90 gold pieces
 79325 | Vaults:2 | Bought a scroll of fog for 24 gold pieces
 79325 | Vaults:2 | Bought a scroll of fog for 24 gold pieces
 79325 | Vaults:2 | Bought a scroll of teleportation for 36 gold pieces
 79340 | Vaults:2 | Found Huaklak's Armour Boutique.
 80219 | Vaults:3 | Noticed Jory
 80471 | Vaults:3 | Killed Jory
 81782 | Vaults:3 | Found a staircase to the Crypt.
 84436 | Vaults:4 | Found Zeubb's Antique Weapon Shop.
 84611 | Vaults:4 | Reached skill level 21 in Fighting
 85177 | Vaults:4 | Reached XP level 23. HP: 184/184 MP: 0/0
 85177 | Vaults:4 | Learned a level 7 spell: Ozocubu's Refrigeration
 85679 | Depths:1 | Entered Level 1 of the Depths
 86417 | Depths:1 | Paralysed by a great orb of eyes for 7 turns
 86731 | Elf:3    | Entered Level 3 of the Elven Halls
 87268 | Elf:3    | Paralysed by an air elemental for 1 turns
 88075 | Elf:3    | Identified the amulet "Folate" {Acrobat Rampage rPois
                  | Slay-6}
 88108 | Elf:3    | Identified the ring of Danisen {Fly rF- rC+ rN+}
 88554 | Elf:3    | Identified the ring "Cimis" {Contam rElec rPois Int-4 SInv}
 89057 | Elf:3    | Identified the +6 falchion of the Throat {freeze, Contam
                  | *Rage rC+++ rCorr}
 89580 | Elf:3    | Identified a scroll of acquirement
 89582 | Elf:3    | Acquired 649 gold pieces
 89789 | Orc:2    | Reached skill level 22 in Fighting
 89983 | Shoals:1 | Entered Level 1 of the Shoals
 90900 | Shoals:1 | Identified Roxanne's Almanac of the Rocks
 90900 | Shoals:1 | Noticed Roxanne
 91002 | Shoals:1 | Killed Roxanne
 91003 | Shoals:1 | Reached XP level 24. HP: 193/193 MP: 0/0
 91915 | Shoals:2 | Found Geij's Weapon Boutique.
 91965 | Shoals:2 | Identified the +4 scimitar "Ylliven" {vorpal, Will++}
 93747 | Shoals:3 | Identified the +5 flail of Huothreir {protect, rElec rF-
                  | rN+ Int+3}
 94654 | Shoals:4 | Entered Level 4 of the Shoals
 94769 | Shoals:4 | Noticed Ilsuiw
 94954 | Shoals:4 | Killed Ilsuiw
 95627 | Shoals:4 | Identified the +7 falchion "Ograig" {antimagic, rElec rN+
                  | rCorr}
 96242 | Shoals:4 | Got a barnacled rune of Zot
 97421 | Vaults:5 | Entered Level 5 of the Vaults
 97426 | Vaults:5 | Reached skill level 23 in Fighting
 97615 | Vaults:5 | Reached XP level 25. HP: 202/202 MP: 0/0
 97615 | Vaults:5 | Learned a level 8 spell: Borgnjor's Revivification
 97787 | Vaults:5 | Noticed a dread lich
 99296 | Vaults:4 | Found Zeubb's Antique Weapon Shop.
100025 | Vaults:5 | Mangled by a frost giant

Illustrated notes

Levels and vault maps discovered:
D:1:      minmay_arrival_statue_studded, layout_basic,
          chequers_ecumenical_altar_twisty, minmay_misc_feat_chi
D:2:      layout_basic, serial_rivers, chequers_serial_rivers_micro_d,
          chequers_serial_rivers_small_b, chequers_serial_rivers_small_3,
          chequers_serial_rivers_small_3, chequers_serial_rivers_marsh,
          chequers_serial_rivers_room_a, uniq_natasha
D:3:      layout_rooms, uniq_grinder
D:4:      layout_loops_ring, nicolae_overflow_hidden_temple
D:5:      layout_basic, minmay_temple_entry_statues_pillars
D:6:      layout_basic, ebering_ghost_disaster_area, st_stairs_3,
          lightli_church_of_beogh, uniq_edmund, uniq_sigmund
D:7:      layout_basic, eino_tiny_chamber, serial_bayou_pond_a
D:8:      layout_gridville, uniq_grum
D:9:      layout_stronghold, dpeg_lair_monsters, kennysheep_another_room,
          hangedman_decor_points, kennysheep_small_spiral
D:10:     layout_irregular_city, minmay_misc_feat_nine_boxes,
          nicolae_water_bricks, minmay_misc_feat_diagonals, uniq_joseph,
          uniq_maurice
D:11:     layout_stronghold, gauntlet_entry_generic, kennysheep_windowed_goal
D:12:     layout_loops_corners, orc_0_dummy, nicolae_yredelemnul_corpse_copse
D:13:     layout_loops_ring, hangedman_vaults_entry_quadrant_bands,
          serial_shops, shop, gammafunk_ghost_stat_death,
          minmay_guarded_unrand_curses, uniq_frances, uniq_jorgrun
D:14:     layout_roguey, minmay_misc_feat_rows, uniq_nessos, uniq_louise
D:15:     grunt_enter_depths_hoard, layout_long_grid, serial_shops, shop,
          glass_columns_b, chequers_serial_rivers_small_3
Temple:   compressed_dpeg_circular_temple
Lair:1:   layout_cave_pods, serial_rivers, chequers_serial_rivers_micro_b,
          chequers_serial_rivers_small_b, chequers_serial_rivers_room_a,
          chequers_serial_rivers_micro_c, grunt_megastairs_1,
          serial_bayou_shore_a, uniq_sonja
Lair:2:   layout_chaotic_city, uniq_erica
Lair:3:   layout_regular_city, elwin_shoals_entry_rocks
Lair:4:   layout_regular_city, guppyfry_snake_entry_garden,
          chequers_serial_rivers_room_b
Lair:5:   layout_cave_pods, minmay_slime_entry_pillars
Lair:6:   grunt_lair_end_beastmaster, layout_loops_ring,
          grunt_forest_large_clearings, lemuel_fruit_fields, uniq_urug
Shoals:1: layout_shoals, uniq_roxanne
Shoals:2: layout_shoals, serial_shops, nicolae_shop_behind_doors
Shoals:3: cheibrodos_shoals_gigantism, layout_shoals, nicolae_shoals_mertower
Shoals:4: shoals_end_grunt_ice, layout_shoals, shoals_ilsuiw_alternative
Snake:1:  nicolae_snake_unarmed_stairs_patrol, layout_chambers, st_stairs_3,
          grunt_ministairs_9, minmay_shoptagon, uniq_nikola, uniq_donald
Snake:2:  layout_gridlike, grunt_megastairs_2, minmay_shop_grove
Snake:3:  layout_honeycomb, serial_shops, shop, uniq_aizul, uniq_vashnia,
          uniq_agnes
Snake:4:  minmay_snake_end_coiled, layout_cave_town, minmay_shop_star,
          serial_bayou_shore_b, serial_bayou_shore_b
Orc:1:    layout_caves
Orc:2:    kennysheep_orc_mage_school, layout_caves
Elf:1:    layout_loops_ring, serial_shops, nicolae_shop_trees,
          nicolae_shop_statue_plus, hangedman_elf_disciples
Elf:2:    elven_hall_of_blades_hangedman_original [nicolae_blade_little_rooms],
          layout_rooms, serial_shops, nicolae_shop_stone
Elf:3:    elf_hall_gauntlet_wide, layout_geoelf_diagonals
Vaults:1: hangedman_vaults_pinch, v_alt_pattern_2, vaults_dpeg_diagonal,
          vaults_standard_mumra_lines, v_misc_17, nicolae_vaults_gold_heap,
          nicolae_vaults_network_star, nicolae_vaults_ring_of_whatevers,
          nicolae_vaults_three_branches, layout_vaults_chaotic_city,
          serial_glass, serial_shops, bzr_entry_dummy
Vaults:2: hangedman_vaults_hat, st_eye, v_misc_2, hangedman_vaults_slice,
          dpeg_vaults_monster_row, v_misc_4, hangedman_vaults_maws,
          ontoclasm_vaults_pinch, layout_vaults_omnibox, serial_shops,
          nicolae_shop_trees, nicolae_square_shop, shop,
          nicolae_shop_temple_entry_statues_fountains, nicolae_lakefront_shop
Vaults:3: nicolae_vaults_ring_of_whatevers, minmay_crypt_entry_vampire_xt,
          vaults_mumra_hexcomb, vaults_room_stairs_pillars,
          nicolae_vaults_alarming, nicolae_vaults_yaktaur_gun_rack,
          ontoclasm_vaults_loading_screen, vaults_dpeg_ring,
          layout_vaults_quadrants, uniq_jory
Vaults:4: st_cells, ontoclasm_vaults_decontamination, nicolae_vaults_triangles,
          nicolae_vaults_little_squares_5, nicolae_vaults_disjoint_gnomons,
          hangedman_vaults_nails, ontoclasm_vaults_ring_small,
          ontoclasm_vaults_ligature, hangedman_vaults_nails,
          nicolae_vaults_shelves_hall, layout_vaults_big_cross, serial_shops,
          shop, portal_desolation_entry_salt
Vaults:5
Depths:1: layout_roguey, pf_coc_iceberg, hangedman_abyss_entry_splay,
          hangedman_decor_growths, serial_shops, shop, drop_trap,
          ashenzari_conservatory_becter, kennysheep_random_hallway,
          serial_bayou_shore_b

Skill      XL: |  1  2  3  4  5  6  7  8  9 10 11 12 13 14 15 16 17 18 19 20 21 22 23 24 25 |
---------------+----------------------------------------------------------------------------+-----
Fighting       | 1 2 3 4 6 8 10 11 12 13 14 15 16 17 18 20 21 22 23 | 23.6
Dodging        | 3 4 5 8 10 12 13 14 15 | 15.2
Spellcasting   | 3 4 5 7 8 9 10 11 12 13 14 15 16 17 18 19 | 19.0
Shields        | 9 11 12 13 | 13.6
Unarmed Combat | 7 11 12 13 | 13.4
Stealth        | |  1.5

Action                   |  1- 3 |  4- 6 |  7- 9 | 10-12 | 13-15 | 16-18 | 19-21 | 22-24 | 25-27 || total
-------------------------+-------+-------+-------+-------+-------+-------+-------+-------+-------++-------
Melee: Short sword       |    10 |     7 |     7 |     2 |    13 |     7 |       |       |       ||    46
       Unarmed           |       |       |       |       |       |       |   631 |   529 |    82 ||  1242
       Tailslap          |       |       |       |       |       |       |   147 |    83 |    10 ||   240
       Bite              |       |       |       |       |       |       |    99 |    66 |    12 ||   177
       Punch             |       |       |       |       |       |       |    26 |    29 |     3 ||    58
       Staff             |       |       |       |       |       |       |       |     9 |     1 ||    10
 Cast: Foxfire           |    76 |    87 |   175 |    97 |    67 |     8 |     6 |     2 |       ||   518
       Passwall          |       |       |     1 |     3 |     8 |    10 |    16 |       |       ||    38
       Stone Arrow       |       |       |    17 |    86 |   101 |   180 |    56 |     4 |     1 ||   445
       Conjure Flame     |       |       |     3 |     6 |     4 |     1 |       |     2 |       ||    16
       Sticky Flame      |       |       |     1 |    27 |    80 |    66 |    60 |    49 |     4 ||   287
       Fireball          |       |       |       |   133 |   477 |   522 |   131 |   177 |     3 ||  1443
       Blade Hands       |       |       |       |       |     1 |       |       |       |       ||     1
       Invisibility      |       |       |       |       |     1 |       |     1 |       |       ||     2
       Starburst         |       |       |       |       |       |    24 |       |    11 |       ||    35
       Iskenderun's Myst |       |       |       |       |       |     2 |       |       |       ||     2
       Dragon Form       |       |       |       |       |       |       |    80 |    94 |    12 ||   186
       Lehudib's Crystal |       |       |       |       |       |       |     1 |    37 |     6 ||    44
       Ozocubu's Refrige |       |       |       |       |       |       |       |    46 |    11 ||    57
Invok: Lesser Healing    |       |       |       |       |       |       |     5 |    22 |       ||    27
       Greater Healing   |       |       |       |       |       |       |     1 |     1 |     9 ||    11
       Divine Protection |       |       |       |       |       |       |       |       |     1 ||     1
 Abil: Breathe Fire      |       |       |       |       |       |       |     1 |     1 |       ||     2
Evoke: Wand              |       |       |       |       |       |    10 |       |     2 |       ||    12
  Use: Scroll            |       |       |     5 |    16 |     6 |     8 |     8 |     4 |     7 ||    54
       Potion            |       |       |       |     1 |     1 |       |     3 |       |     5 ||    10
 Stab: Sleeping          |       |       |       |       |       |       |       |     4 |       ||     4
Armor: Robe              |     6 |     1 |    12 |     9 |    20 |    24 |     3 |     3 |       ||    78
       Skin              |       |       |       |       |       |       |   233 |   151 |    41 ||   425
Dodge: Dodged            |    21 |     1 |    42 |    71 |   222 |   165 |   484 |   304 |    92 ||  1402
Block: Other             |       |       |       |       |     3 |    11 |   135 |   109 |    28 ||   286
       Reflection        |       |       |       |       |     2 |    55 |    23 |    19 |     2 ||   101
       Kite shield       |       |       |       |       |       |   204 |    26 |    19 |     2 ||   251
       Tower shield      |       |       |       |       |       |     4 |       |       |       ||     4

Table legend: (Time is in decaauts)
 A = Elapsed time spent in this place.
 B = Non-inter-level travel time spent in this place.
 C = Inter-level travel time spent in this place.
 D = Time resting spent in this place.
 E = Time spent auto-exploring this place.
 F = Levels seen in this place.
 G = Mean time per level.
                   A        B        C        D        E       F      G
               +--------+--------+--------+--------+--------+-----+--------+
         Total |  99926 |  95186 |   4740 |  50580 |  15851 |  41 | 2437.2 |
       Dungeon |  30876 |  28814 |   2062 |  14435 |   5512 |  15 | 2058.4 |
        Temple |    155 |     99 |     56 |      0 |     97 |   1 |  155.0 |
          Lair |  16459 |  15455 |   1004 |   9241 |   2303 |   6 | 2743.2 |
        Shoals |   6561 |   6423 |    138 |   2175 |   2688 |   4 | 1640.2 |
     Snake Pit |  16036 |  15718 |    318 |   9706 |   1286 |   4 | 4009.0 |
  Orcish Mines |   4898 |   4479 |    419 |   2521 |    249 |   2 | 2449.0 |
   Elven Halls |   8734 |   8490 |    244 |   4732 |    662 |   3 | 2911.3 |
        Vaults |  15551 |  15069 |    482 |   7433 |   3054 |   5 | 3110.2 |
        Depths |    651 |    636 |     15 |    336 |      0 |   1 |  651.0 |
               +--------+--------+--------+--------+--------+-----+--------+

Top non-repeatable levels by time:
Vaults:4: 5208 daAuts
 Snake:2: 4575 daAuts
   Orc:2: 4161 daAuts
 Snake:3: 4142 daAuts
Vaults:1: 4081 daAuts
    D:13: 4065 daAuts
 Snake:1: 4032 daAuts
  Lair:6: 3944 daAuts
    D:12: 3351 daAuts
     D:9: 3326 daAuts
Vaults:2: 3315 daAuts
 Snake:4: 3286 daAuts
   Elf:2: 3276 daAuts
    D:14: 3164 daAuts
  Lair:2: 2966 daAuts
